 Dungeon Sprint DCSS version 0.17-a0-1691-g18a3847 (webtiles) character file.

275 cmyster the Unseen (level 6, -3/32 HPs)
             Began as a Spriggan Assassin on Aug 20, 2015.
             Slain by a slime creature (19 damage)
             ... in the Dungeon (Sprint I: "Red Sonja").
             The game lasted 00:01:48 (215 turns).

cmyster the Unseen (Spriggan Assassin)               Turns: 215, Time: 00:01:48

Health: -3/32      AC:  3    Str:  7    XL:     6   Next: 3%
Magic:  7/7        EV: 19    Int: 13    God:
Gold:   162        SH:  0    Dex: 19    Spells: 0 memorised, 5 levels left

rFire  . . .     SeeInvis +     a - +2 dagger
rCold  . . .     Clarity  .     c - +0 robe
rNeg   . . .     SustAt   .     (shield restricted)
rPois  .         Gourm    .     (helmet restricted)
rElec  .         Spirit   .     d - +0 cloak
rCorr  .         Warding  .     (gloves unavailable)
rMut   .         NoTele   +     (boots unavailable)
MR     +....                    (no amulet)
Stlth  +++++++...               (no ring)
                                (no ring)

@: very quick, somewhat resistant to hostile enchantments, extremely stealthy
A: unfitting armour, see invisible, herbivore 3, speed 3, slow metabolism 2
a: no special abilities


You were in the Dungeon.
You were not hungry.

You visited 1 branch You collected 162 gold pieces.

Inventory:

Hand weapons
 a - a +2 dagger (weapon)
 b - a +0 blowgun
Missiles
 e - 8 poisoned needles
 f - 2 curare-tipped needles
Armour
 c - a +0 robe (worn)
 d - a +0 cloak (worn)
Magical devices
 n - a wand of digging (9)
Scrolls
 m - a scroll of blinking
Potions
 h - a potion of curing
 i - a potion of heal wounds
 j - a potion of haste
 k - 2 potions of magic
 l - a potion of berserk rage
Comestibles
 g - a bread ration


   Skills:
 + Level 3.4 Fighting
 + Level 4.7 Short Blades
 + Level 5.2 Throwing
 + Level 3.1 Dodging
 + Level 15.8 Stealth


You had 5 spell levels left.
You didn't know any spells.

Dungeon Overview and Level Annotations

Branches:
Dungeon (1/1)

Altars:
Cheibriados
Dithmenos
Fedhas
Jiyva


Innate Abilities, Weirdness & Mutations

You are tiny and cannot use many weapons and most armour.
You have supernaturally acute eyesight.
You are a herbivore.
You cover ground extremely quickly.
You need consume almost no food.


Message History

The slime creature completely misses you.
You barely miss the slime creature.
The slime creature is lightly wounded.
The slime creature misses you.
You hit the slime creature.
The slime creature is lightly wounded.
You hit the slime creature.
The slime creature is lightly wounded.
The slime creature misses you.
You hit the slime creature.
The slime creature is lightly wounded.
The slime creature completely misses you.
You hit the slime creature.
The slime creature is moderately wounded.
The slime creature misses you.
You hit the slime creature.
The slime creature is moderately wounded.
The slime creature hits you!!
Ouch! That really hurt!
You die...

###################
#<.#.)'..#.)'..#__#
#..').#..'..#..'^J+
#..#####'#####+#@_#
#..# #..# #### #..#
#### #..# #⌠⌠# ####


You could see a slime creature.

Vanquished Creatures
  Sigmund (D)
  An ogre (D)
  Ijyb (D)
3 creatures vanquished.

Notes
Turn   | Place    | Note
--------------------------------------------------------------
     0 | D        | cmyster the Spriggan Assassin began the quest for the Orb.
     0 | D        | Reached XP level 1. HP: 10/10 MP: 2/2
     2 | D        | Noticed Ijyb
     7 | D        | Killed Ijyb
     7 | D        | Reached skill level 9 in Stealth
     7 | D        | Reached XP level 2. HP: 9/15 MP: 3/3
   130 | D        | Noticed an ogre
   159 | D        | Killed an ogre
   159 | D        | Reached skill level 12 in Stealth
   159 | D        | Reached XP level 3. HP: 17/19 MP: 4/4
   159 | D        | Reached XP level 4. HP: 20/23 MP: 5/5
   183 | D        | Noticed Sigmund
   186 | D        | Killed Sigmund
   186 | D        | Reached skill level 5 in Throwing
   186 | D        | Reached skill level 15 in Stealth
   186 | D        | Reached XP level 5. HP: 24/28 MP: 6/6
   186 | D        | Reached XP level 6. HP: 27/32 MP: 7/7
   200 | D        | Found a snail-covered altar of Cheibriados.
   200 | D        | Found a viscous altar of Jiyva.
   200 | D        | Found a shadowy altar of Dithmenos.
   200 | D        | Found a blossoming altar of Fedhas.
   200 | D        | Noticed a slime creature
   215 | D        | Slain by a slime creature

Vault maps used:
D:        dungeon_sprint_1

Action                   |  1- 3 |  4- 6 || total
-------------------------+-------+-------++-------
Melee: Dagger            |     4 |    12 ||    16
 Fire: Blowgun           |     3 |       ||     3
 Stab: Sleeping          |     1 |     1 ||     2
